 Dungeon Crawl Stone Soup version 0.30.0 (webtiles) character file.

Game seed: 10106516809690180534

41 CalledCrash the Covered (level 3, 0/25 HPs)
             Began as a Human Wanderer on Nov 24, 2023.
             Slain by Natasha (7 damage)
             ... on level 2 of the Dungeon.
             The game lasted 00:04:58 (1551 turns).

CalledCrash the Covered (Human Wanderer)            Turns: 1551, Time: 00:04:59

Health: 0/25       AC:  9    Str: 10 (11) XL:     3   Next: 75%
Magic:  4/4        EV:  9    Int:  8 (10) God:
Gold:   24         SH:  0    Dex: 16 (17) Spells: 4/4 levels left

rFire   . . .        a - +0 falchion
rCold   . . .        (no shield)
rNeg    . . .        b - +2 scale mail
rPois   .            (no helmet)
rElec   .            (no cloak)
rCorr   .            (no gloves)
SInv    .            (no boots)
Will    .....        (no amulet) Stlth
                     (no ring)
HPRegen 0.24/turn    (no ring)
MPRegen 0.09/turn

%: no passive effects
@: slowed, very slow
A: no striking features
a: no special abilities


You were on level 2 of the Dungeon.
You visited 1 branch of the dungeon, and saw 2 of its levels.

You collected 24 gold pieces.

Inventory:

Hand Weapons
 a - a +0 falchion (weapon)
Missiles
 e - 4 atropa-tipped darts (quivered)
Armour
 b - a +2 scale mail (worn)
Scrolls
 c - a scroll of fog
Potions
 d - 3 potions of curing
 f - a potion of cancellation {unknown}


   Skills:
 * Level 0.5 Fighting
 * Level 3.5 Long Blades
 * Level 3.7 Armour
 * Level 2.1 Dodging
 + Level 1.0 Stealth
 + Level 1.0 Spellcasting


You had 4 spell levels left.
You didn't know any spells.
Your spell library was empty.

Dungeon Overview and Level Annotations

Branches:
Dungeon (2/15)

Altars:

Annotations:
D:2 Natasha


Message History

The rat bites you but does no damage.
You hit the rat.
You kill the rat!
You see here a rat corpse.
d - 3 potions of curing (gained 1)
You open the door.
Found an escape hatch in the ceiling.
There is an open door here.
Found a stone staircase leading down.
Natasha, Servant of Life and Death comes into view.
Natasha is nearby!
Natasha claws you but does no damage.
You closely miss Natasha. Natasha claws you.
Natasha stares at you and mumbles some strange words.
You feel yourself slow down.
You closely miss Natasha. Natasha barely misses you.
You miss Natasha.
Natasha stares at you and mumbles some strange words.
You resist with significant effort. Natasha barely misses you.
You hit Natasha but do no damage. Natasha closely misses you.
You barely miss Natasha.
Natasha stares at you and mumbles some strange words.
The magic dart hits you!
Natasha stares at you and mumbles some strange words.
The magic dart hits you.
You closely miss Natasha. Natasha claws you.
Natasha claws you but does no damage.
You barely miss Natasha. Your punch misses Natasha.
Natasha mumbles some strange words.
You feel troubled. Natasha barely misses you. Natasha closely misses you.
You miss Natasha. Natasha misses you.
You barely miss Natasha. Natasha claws you.
* * * LOW HITPOINT WARNING * * *
Natasha claws you but does no damage.
You hit Natasha but do no damage.
Natasha claws you but does no damage. x2
You hit Natasha.
Natasha is lightly wounded.
Natasha claws you!
You die...

### #########.#
#.........#
#.#######.# #.#
#.# ##.#######.#
#.......##@#
#####........#h##
................>.
######........#..#
#####....#..#
###....#..# #
#.'....#..# #.
#.#....#...
###.###.#....#


You could see Natasha.

Vanquished Creatures
  3 dart slugs
  4 endoplasms
  2 giant cockroaches (D:1)
  2 goblins
  5 hobgoblins
  2 jackals (D:1)
  A quokka (D:1)
  5 ball pythons
  4 frilled lizards
  A kobold (D:2)
  2 rats
31 creatures vanquished.

Notes
Turn   | Place    | Note
-------+----------+-------------------------------------------
     0 | D:1      | CalledCrash the Human Wanderer began the quest for the Orb.
     0 | D:1      | CalledCrash set off with the following items: a +0
                  | falchion, a +2 scale mail, a scroll of fog, a potion of
                  | curing.
     0 | D:1      | Reached XP level 1. HP: 13/13 MP: 2/2
   240 | D:1      | Reached XP level 2. HP: 17/19 MP: 3/3
   760 | D:1      | Reached XP level 3. HP: 24/24 MP: 4/4
  1537 | D:2      | Noticed Natasha
  1551 | D:2      | Slain by Natasha

Illustrated notes

Levels and vault maps discovered:
D:1:      dpeg_arrival_erosion, layout_basic, grunt_decor_one_mirror
D:2:      minmay_roachtagon, layout_basic, uniq_natasha

Action                     || total
---------------------------++-------
  Melee: Falchion          ||   113
    Use: Scroll            ||     4
         Potion            ||     3
 Armour: Scale mail        ||    67
  Dodge: Dodged            ||    45
